 Dungeon Crawl Stone Soup version 0.22-a0-756-gc33bbe721d (webtiles) character file.

25757 Chiseanne the Unseen (level 12, -3/53 HPs)
             Began as a Spriggan Assassin on July 15, 2018.
             Was an Initiate of Gozag.
             Slain by a torpor snail (20 damage)
             ... on level 6 of the Lair of Beasts on July 16, 2018.
             The game lasted 01:11:10 (19226 turns).

Chiseanne the Unseen (Spriggan Assassin)           Turns: 19226, Time: 01:11:11

Health: -3/53      AC:  4    Str:  7    XL:     12   Next: 92%
Magic:  27/29      EV: 24    Int: 23    God:    Gozag
Gold:   1059       SH: 16    Dex: 22    Spells: 14/21 levels left

rFire    . . .     SeeInvis +   a - +6 dagger (elec)
rCold    + + .     Gourm    .   n - +3 buckler "Goujomn" {MP+9 Int+4}
rNeg     . . .     Faith    .   t - +1 robe {rC+}
rPois    .         Spirit   .   (helmet restricted)
rElec    .         Reflect  +   d - +0 cloak
rCorr    .         Harm     .   (gloves unavailable)
MR       ++...                  (boots unavailable)
Stlth    ++++++++..             I - +4 amulet of reflection
HPRegen  0.17/turn              F - ring of protection from cold
MPRegen  0.21/turn              H - +6 ring of intelligence

@: gold aura, slowed, quick
A: very small, unfitting armour, see invisible, herbivore, speed 3, slow
metabolism 2
a: Potion Petition, Call Merchant, Bribe Branch, Renounce Religion


You were on level 6 of the Lair of Beasts.
You worshipped Gozag.
Gozag was most pleased with you.
You were very full.

You visited 3 branches of the dungeon, and saw 16 of its levels.
You also visited: Sewer.

You collected 2578 gold pieces.
You spent 640 gold pieces at shops.
You paid 879 gold pieces to Gozag.

Inventory:

Hand Weapons
 a - a +6 dagger of electrocution (weapon)
 q - a +0 hunting sling
 w - a +0 blowgun
 y - a +0 hand crossbow
 G - a +0 quick blade
 L - the +2 dagger "Arbiter" {speed, rN+ Str+3}
   (You found it on level 5 of the Lair of Beasts)

   Attacks with this weapon are significantly faster.
   It affects your strength (+3).
   It protects you from negative energy.
Missiles
 b - 107 sling bullets
 e - 37 poisoned needles
 j - 286 stones
 m - 3 throwing nets {!*}
 p - a curare-tipped needle
 r - 8 tomahawks (quivered)
 s - 48 bolts
Armour
 d - a +0 cloak (worn)
 n - the +3 buckler "Goujomn" (worn) {MP+9 Int+4}
   (You found it on level 6 of the Dungeon)

   It affects your intelligence (+4).
   It affects your magic capacity (+9).
 t - a +1 robe of cold resistance (worn)
Jewellery
 F - a ring of protection from cold (left hand)
 H - a +6 ring of intelligence (right hand)
 I - a +4 amulet of reflection (around neck)
Wands
 E - a wand of flame (37)
Scrolls
 f - 3 scrolls of remove curse
 h - 11 scrolls of teleportation
 v - a scroll of fog
 x - a scroll of magic mapping
 B - 5 scrolls of amnesia
 K - a scroll of immolation
 M - a scroll of identify
Potions
 c - a potion of might
 i - 7 potions of curing
 k - 2 potions of ambrosia
 l - a potion of resistance
 o - 3 potions of mutation
 u - a potion of haste
 z - 2 potions of magic
 A - 2 potions of flight
 C - 2 potions of heal wounds
 D - a potion of agility
 J - 2 potions of invisibility
Comestibles
 g - 26 rations


   Skills:
 - Level 1.5 Fighting
 - Level 10.0 Short Blades
 * Level 6.7 Throwing
 - Level 7.0 Dodging
 * Level 19.8 Stealth
 * Level 9.1 Shields
 * Level 5.3 Spellcasting


You had 14 spell levels left.
You knew the following spells:

 Your Spells              Type           Power        Failure   Level  Hunger
a - Blink                 Tloc           N/A          14%         2    None
b - Slow                  Hex            #.......     14%         2    None
c - Mephitic Cloud        Conj/Pois/Air  #.......     28%         3    ##.....

Your spell library contained the following spells:

 Spells                   Type           Power        Failure   Level  Hunger
 Magic Dart               Conj           #...         10%         1    None
 Conjure Flame            Conj/Fire      #.......     28%         3    ##.....
 Animate Dead             Necr           N/A          67%         4    ####...
 Pain                     Necr           #...         10%         1    None
 Animate Skeleton         Necr           N/A          10%         1    None
 Vampiric Draining        Necr           #.........   28%         3    ##.....
 Call Imp                 Summ           #.......     14%         2    None
 Regeneration             Chrm/Necr      #.........   28%         3    ##.....


Dungeon Overview and Level Annotations

Branches:
Dungeon (9/15)             Temple (1/1) D:6            Lair (6/6) D:8
 Shoals (0/4) Lair:3        Snake (0/4) Lair:2        Slime (0/5) Lair:5
    Orc: D:9-12

Altars:
Ashenzari
Cheibriados
Dithmenos
Elyvilon
Fedhas
Gozag
Kikubaaqudgha
Makhleb
Nemelex Xobeh
Okawaru
Qazlal
Ru
Sif Muna
Uskayaw
Vehumet
Xom
Zin
The Shining One

Shops:
Lair:2 (

Annotations:
D:9 Erica
Lair:1 exclusion: electric eel
Lair:2 exclusion: 2 oklob plants
Lair:3 3 runed doors, exclusion: 3 doors, azzavlup's ghost, journeyman TeBe
Lair:4 Rupert
Lair:5 exclusion: 5 oklob plants
Lair:6 1 runed door


Innate Abilities, Weirdness & Mutations

You are very small and have problems with some larger weapons.
You are too small for most types of armour.
You have supernaturally acute eyesight. (SInv)
You are a herbivore.
You cover ground extremely quickly.
You need to consume almost no food.


Message History

The torpor snail is severely wounded.
The torpor snail is engulfed in noxious fumes.
The torpor snail appears confused.
You hit the torpor snail.
The torpor snail is severely wounded.
The torpor snail bites you!
You puncture the torpor snail!
The torpor snail is almost dead.
The torpor snail is engulfed in noxious fumes.
The torpor snail appears confused.
You hit the torpor snail but do no damage.
The torpor snail is almost dead.
You block the torpor snail's attack.
You hit the torpor snail.
The torpor snail is almost dead.
You barely miss the torpor snail.
The torpor snail is almost dead.
The torpor snail bites you!!
You die...
Your body crumbles into a pile of gold. #...#......P..# #.. ##..#.....# #. ###.#...## # ##..#..## $$ #####..# ## $$$$ #...# #.# $$$$$

##..## ..#. $ $$
##..## #.... $$
##.@..# #.....
+#..w###
####....^.
##...## ##
#.#.....#
#.w⌠###
#.##.....#
##...$##
##.w...#..#
##..$.###....###
..P
###.......### .
#.##.P.### ##
#####


You could see 2 torpor snails.

Vanquished Creatures
  Kirke (Lair:4)
  Harold (Lair:4)
  3 hydras
  A two-headed ogre (D:8)
  Nergalle (Lair:2)
  2 black mambas
  2 merfolk sirens (Lair:3)
  A torpor snail (Lair:6)
  10 spiny frogs
  4 komodo dragons
  A queen bee (Lair:3)
  3 tyrant leeches (Lair:6)
  3 hornets (Lair:6)
  Prince Ribbit (D:6)
  3 blink frogs (Lair:6)
  6 hippogriffs
  Sigmund (D:2)
  2 wyverns
  A basilisk (Lair:2)
  A hog (Lair:4)
  23 yaks
  A hungry ghost (D:8)
  A naga (Lair:2)
  9 water moccasins
  7 porcupines
  3 sky beasts
  3 orc warriors
  5 ogres
  2 phantoms
  3 wolves (Lair:4)
  2 centaurs
  11 crocodiles
  2 big kobolds (D:8)
  8 bullfrogs
  A water moccasin zombie (D:7)
  22 killer bees
  3 electric eels
  3 crimson imps
  A centaur zombie (D:7)
  A bullfrog zombie (D:6)
  2 hounds
  A jelly (D:5)
  6 orc priests
  3 bullfrog skeletons
  A centaur skeleton (D:2)
  An iguana (D:3)
  6 orc wizards
  3 worker ants
  A killer bee zombie (D:5)
  2 howler monkey zombies
  A worker ant zombie (D:8)
  4 gnolls (D:6)
  13 adders
  A howler monkey skeleton (D:4)
  3 shadow imps
  An ooze (D:2)
  2 worms (D:3)
  A dart slug (D:3)
  11 leopard geckos
  41 orcs
  4 ball pythons (Sewer)
  8 bats
  10 giant cockroaches
  7 goblins
  8 hobgoblins
  5 jackals
  14 kobolds
  A quokka (D:2)
  12 frilled lizards
  A leopard gecko zombie (D:6)
  16 rats
  5 fungi (D:8)
  3 plants
357 creatures vanquished.

Vanquished Creatures (collateral kills)
  2 yaks (Lair:2)
  A basilisk (Lair:2)
  A naga (Lair:2)
4 creatures vanquished.

Vanquished Creatures (others)
  3 fungi
  12 plants
15 creatures vanquished.

Grand Total: 376 creatures vanquished

Notes
Turn   | Place    | Note
-------+----------+-------------------------------------------
     0 | D:1      | Chiseanne the Spriggan Assassin began the quest for the Orb.
     0 | D:1      | Reached XP level 1. HP: 10/10 MP: 2/2
   104 | D:1      | Reached skill level 6 in Stealth
   199 | D:1      | Reached XP level 2. HP: 14/14 MP: 3/3
  1061 | D:1      | Reached XP level 3. HP: 18/18 MP: 4/4
  1083 | D:2      | Found a radiant altar of Vehumet.
  1223 | D:2      | Found a shimmering altar of Xom.
  1223 | D:2      | Found a glowing silver altar of Zin.
  1223 | D:2      | Noticed an angel
  1226 | D:2      | Noticed Sigmund
  1272 | D:2      | Killed Sigmund
  1272 | D:2      | Reached skill level 8 in Stealth
  1272 | D:2      | Reached XP level 4. HP: 16/22 MP: 5/5
  1272 | D:2      | Reached XP level 5. HP: 18/25 MP: 6/6
  1587 | D:2      | Reached XP level 6. HP: 30/30 MP: 7/7
  1875 | D:3      | Found a faded altar of an unknown god.
  2271 | D:3      | Found a shattered altar of Ashenzari.
  2656 | D:4      | You fall through a shaft for 2 floors!
  2660 | D:6      | Noticed Prince Ribbit
  2682 | D:6      | Killed Prince Ribbit
  2682 | D:6      | Reached skill level 5 in Dodging
  2682 | D:6      | Reached skill level 9 in Stealth
  2682 | D:6      | Reached XP level 7. HP: 29/33 MP: 8/8
  2728 | D:6      | Found a staircase to the Ecumenical Temple.
  2737 | Temple   | Entered the Ecumenical Temple
  3098 | D:6      | Found a sparkling altar of Nemelex Xobeh.
  3485 | D:6      | Found a stormy altar of Qazlal.
  3556 | D:6      | Found Ufaest's Magic Scroll Emporium.
  3564 | D:6      | Bought a scroll of remove curse for 30 gold pieces
  3872 | D:6      | Reached skill level 10 in Stealth
  4478 | D:6      | Got a distressingly furry buckler
  4561 | D:7      | Reached skill level 5 in Short Blades
  4561 | D:7      | Reached XP level 8. HP: 13/37 MP: 9/9
  5050 | D:7      | Reached skill level 11 in Stealth
  5153 | D:7      | Found a shadowy altar of Dithmenos.
  5510 | D:7      | Found an iron altar of Okawaru.
  5561 | D:7      | Reached skill level 5 in Throwing
  5772 | D:5      | Entered Level 5 of the Dungeon
  5850 | D:5      | Found a glowing drain.
  5884 | Sewer    | Entered a sewer
  5986 | Sewer    | Identified the +3 buckler "Goujomn" {MP+9 Int+4} (You found it on level 6 of the Dungeon)
  6167 | D:5      | Found a shattered altar of Ashenzari.
  6190 | D:5      | Reached skill level 12 in Stealth
  6203 | D:5      | Reached skill level 1 in Shields
  6230 | D:5      | Found an opulent altar of Gozag.
  6379 | D:5      | Became a worshipper of Gozag Ym Sagoz the Greedy
  6709 | D:4      | Found a white marble altar of Elyvilon.
  6871 | D:4      | Reached XP level 9. HP: 32/41 MP: 10/10
  7207 | D:6      | Bought a scroll of fog for 20 gold pieces
  7207 | D:6      | Bought a scroll of teleportation for 30 gold pieces
  7207 | D:6      | Bought a scroll of identify for 20 gold pieces
  7207 | D:6      | Bought a scroll of teleportation for 30 gold pieces
  7207 | D:6      | Bought a scroll of identify for 20 gold pieces
  7207 | D:6      | Bought a scroll of identify for 20 gold pieces
  7207 | D:6      | Bought a scroll of teleportation for 30 gold pieces
  7207 | D:6      | Bought a scroll of amnesia for 35 gold pieces
  7857 | D:7      | Reached skill level 13 in Stealth
  8551 | D:6      | Bought a scroll of brand weapon for 200 gold pieces
  8847 | D:8      | Found a staircase to the Lair.
  8935 | D:8      | Learned a level 2 spell: Blink
  9031 | D:8      | Noticed a two-headed ogre
  9036 | D:8      | Killed a two-headed ogre
  9036 | D:8      | Reached skill level 14 in Stealth
  9036 | D:8      | Reached XP level 10. HP: 46/46 MP: 11/11
  9518 | D:6      | Bought a scroll of silence for 75 gold pieces
  9518 | D:6      | Bought a scroll of summoning for 95 gold pieces
  9518 | D:6      | Bought a scroll of amnesia for 35 gold pieces
 10083 | D:9      | Noticed Erica
 10134 | Lair:1   | Entered Level 1 of the Lair of Beasts
 10134 | Lair:1   | Noticed a four-headed hydra
 10134 | Lair:1   | Noticed a spiny frog
 10149 | D:8      | Killed a spiny frog
 10283 | Lair:1   | Reached skill level 15 in Stealth
 10301 | Lair:1   | Reached skill level 5 in Shields
 10306 | Lair:1   | Noticed a spiny frog
 10345 | Lair:1   | Killed a spiny frog
 10820 | Lair:1   | Killed a four-headed hydra
 11126 | Lair:1   | Noticed a seven-headed hydra
 11137 | Lair:1   | Killed a seven-headed hydra
 11137 | Lair:1   | Reached skill level 16 in Stealth
 11247 | Lair:1   | Noticed a spiny frog
 11256 | Lair:1   | HP: 1/46 [spiny frog (22)]
 11484 | Lair:1   | Killed a spiny frog
 12934 | Lair:1   | Reached XP level 11. HP: 32/49 MP: 12/12
 13255 | Lair:1   | Upgraded the game from 0.22-a0-748-g283c1ef38e to 0.22-a0-756-gc33bbe721d
 13856 | Lair:2   | Noticed Nergalle
 13864 | Lair:2   | Killed Nergalle
 13864 | Lair:2   | Reached skill level 17 in Stealth
 13977 | Lair:2   | Noticed an oklob plant
 13977 | Lair:2   | Noticed an oklob plant
 14307 | Lair:2   | Found a staircase to the Snake Pit.
 15281 | Lair:3   | Reached skill level 18 in Stealth
 15300 | Lair:3   | Found a runed gate.
 15301 | Lair:3   | Found a runed gate.
 15302 | Lair:3   | Found a runed gate.
 15302 | Lair:3   | Noticed azzavlup's ghost (journeyman TeBe)
 15736 | Lair:3   | Reached XP level 12. HP: 19/53 MP: 13/13
 16017 | Lair:3   | Reached skill level 10 in Short Blades
 16481 | Lair:3   | Found a staircase to the Shoals.
 16936 | Lair:4   | Noticed Harold
 16946 | Lair:4   | Killed Harold
 16951 | Lair:4   | Reached skill level 19 in Stealth
 17042 | Lair:4   | Noticed Rupert
 17322 | Lair:4   | Noticed a five-headed hydra
 17397 | Lair:4   | Reached skill level 1 in Spellcasting
 17478 | Lair:4   | Noticed Kirke
 17637 | Lair:4   | Paralysed by Rupert for 7 turns
 17840 | Lair:4   | Killed Kirke
 18050 | Lair:5   | Noticed a five-headed hydra
 18055 | Lair:5   | Killed a five-headed hydra
 18174 | Lair:5   | Noticed a seven-headed hydra
 18326 | Lair:5   | Noticed a catoblepas
 18381 | Lair:5   | Found a staircase to the Slime Pits.
 18585 | Lair:5   | Learned a level 2 spell: Slow
 18589 | Lair:5   | Learned a level 3 spell: Mephitic Cloud
 18733 | Lair:5   | Got an ancient dagger
 18755 | Lair:5   | Identified the +2 dagger "Arbiter" {speed, rN+ Str+3} (You found it on level 5 of the Lair of Beasts)
 18769 | Lair:6   | Entered Level 6 of the Lair of Beasts
 19131 | Lair:6   | Reached skill level 5 in Spellcasting
 19151 | Lair:6   | Found a runed door.
 19226 | Lair:6   | Slain by a torpor snail

Vault maps used:
D:1:      giann_bridges
D:2:      fiery_altar_vehumet, grunt_temple_overflow_order_and_chaos_1,
          uniq_sigmund
D:3:      chequers_ecumenical_altar_simple, nicolae_ashenzari_panopticon
D:4:      lemuel_round_altar, first_ration
D:5:      lemuel_crystal_altar, nicolae_gozag_seed_capital,
          chequers_temple_overflow_statue_of_worship, gup_sewer_entry_pipe
D:6:      nemelex_xobeh_ov_fountains_minmay, nicolae_qazlal_general_emergency,
          temple_hall, serial_shops, shop, uniq_prince_ribbit1
D:7:      okawaru_ov_weapons_minmay, nicolae_dithmenos_the_darkroom
D:8:      dpeg_oklobed_lair
D:9:      overflow_temple_1_default, lemuel_coloured_pillars_altar,
          kennysheep_orc_monster_closet_entryway, uniq_erica
Temple:   compressed_dpeg_triangle_lava_temple
Lair:1:   statuecave_lemuel, enter_volcano_4, serial_bayou_shore_a,
          grunt_megastairs_3
Lair:2:   guppyfry_snake_entry_island, minmay_lair_oklob_chamber, uniq_nergalle
Lair:3:   elwin_shoals_entry_stream, ebering_ghost_rock_garden, special_room,
          serial_bayou_crossing, lemuel_fruit_tree, lemuel_fruit_fields
Lair:4:   uniq_kirke, uniq_rupert, uniq_harold
Lair:5:   minmay_slime_entry_oklob_enclosed, lookout_lair_type,
          minmay_stone_trees_small, grunt_megastairs_1, serial_bayou_shore_b,
          infiniplex_staircase_pool
Lair:6:   guppyfry_lair_end_dragon, wormcave
Sewer:    sewer_co_cracked_pipes

Skill      XL: |  1  2  3  4  5  6  7  8  9 10 11 12 |
---------------+-------------------------------------+-----
Stealth        | 6 8 9 10 12 14 16 18 19 | 19.8
Dodging        | 2 3 4 5 6 7 |  7.0
Short Blades   | 3 4 5 6 7 8 9 10 | 10.0
Throwing       | 3 4 5 6 |  6.7
Shields        | 2 4 6 8 9 |  9.1
Spellcasting   | 5 |  5.3
Fighting       | |  1.5

Action                   |  1- 3 |  4- 6 |  7- 9 | 10-12 || total
-------------------------+-------+-------+-------+-------++-------
Melee: Dagger            |    68 |    98 |   491 |   797 ||  1454
 Fire: Blowgun           |    24 |    48 |   154 |   164 ||   390
       Hunting sling     |       |       |     7 |    10 ||    17
Throw: Tomahawk          |       |       |       |    10 ||    10
       Stone             |       |       |       |     1 ||     1
       Throwing net      |       |       |       |     4 ||     4
 Cast: Slow              |       |       |       |     2 ||     2
       Mephitic Cloud    |       |       |       |     2 ||     2
Invok: Call Merchant     |       |       |       |     1 ||     1
Evoke: Wand              |       |       |       |     1 ||     1
  Use: Scroll            |     3 |     6 |     9 |    15 ||    33
       Potion            |       |       |     1 |     6 ||     7
 Stab: Sleeping          |    17 |    16 |    27 |    23 ||    83
       Distracted        |       |       |     4 |    15 ||    19
       Invisible         |       |       |       |     9 ||     9
       Held in net/web   |       |       |       |     3 ||     3
       Confused          |       |       |       |     1 ||     1
  Eat: Ration            |       |       |     3 |     9 ||    12
Armor: Robe              |     7 |     8 |    15 |    12 ||    42
       Skin              |       |       |       |    11 ||    11
Dodge: Dodged            |    38 |    68 |   290 |   259 ||   655
Block: Buckler           |       |       |    75 |   241 ||   316

Table legend:
 A = Spawn XP
 B = Non-spawn XP
 C = Spawn XP percentage of total XP
 D = Spawn monster count
 E = Non-spawn monster count
 F = Spawn count percentage of total count
 G = Total turns spent on level
                    A         B        C        D         E        F      G
               +---------+---------+-------+---------+---------+-------+---------
         Total |       0 |   36797 |   0.0 |       0 |     353 |   0.0 | 19226
               +---------+---------+-------+---------+---------+-------+---------
           D:1 |       0 |      41 |   0.0 |       0 |      26 |   0.0 |  1073
           D:2 |       0 |     360 |   0.0 |       0 |      27 |   0.0 |   697
           D:3 |       0 |     163 |   0.0 |       0 |      27 |   0.0 |   738
           D:4 |       0 |     368 |   0.0 |       0 |      17 |   0.0 |   829
           D:5 |       0 |     463 |   0.0 |       0 |      18 |   0.0 |   454
           D:6 |       0 |     686 |   0.0 |       0 |      30 |   0.0 |  2138
           D:7 |       0 |    1595 |   0.0 |       0 |      36 |   0.0 |  2314
           D:8 |       0 |    2621 |   0.0 |       0 |      22 |   0.0 |   920
           D:9 |       0 |     390 |   0.0 |       0 |       7 |   0.0 |   534
        Lair:1 |       0 |    4328 |   0.0 |       0 |      15 |   0.0 |  3095
        Lair:2 |       0 |    7887 |   0.0 |       0 |      40 |   0.0 |  1888
        Lair:3 |       0 |    4864 |   0.0 |       0 |      34 |   0.0 |  1462
        Lair:4 |       0 |    5732 |   0.0 |       0 |      14 |   0.0 |  1331
        Lair:5 |       0 |    3999 |   0.0 |       0 |      13 |   0.0 |   745
        Lair:6 |       0 |    3270 |   0.0 |       0 |      11 |   0.0 |   457
         Sewer |       0 |      30 |   0.0 |       0 |      16 |   0.0 |   271
               +---------+---------+-------+---------+---------+-------+---------
